 Dungeon Crawl Stone Soup version 0.29-a0-1030-gf5f8719cae (webtiles) character file.

Game seed: 7654200592716216937

3 27heaven the Slasher (level 1, -6/16 HPs)
             Began as an Octopode Monk on Aug 14, 2022.
             Was a Believer of Makhleb.
             Mangled by a gnoll
             ... wielding a +0 flail
              (8 damage)
             ... on level 1 of the Dungeon.
             The game lasted 00:00:23 (249 turns).

27heaven the Slasher (Octopode Monk)                 Turns: 249, Time: 00:00:23

Health: -6/16      AC:  1    Str: 10    XL:     1   Next: 50%
Magic:  1/1        EV: 14    Int: 12    God:    Makhleb [**....]
Gold:   55         SH:  0    Dex: 14    Spells: 0/0 levels left

rFire   . . .      SeeInvis .   a - +0 falchion
rCold   . . .      Faith    .   (no shield)
rNeg    . . .      Spirit   .   (helmet restricted)
rPois   .          Reflect  .   (no amulet)
rElec   .          Harm     .   (no ring)
rCorr   .          Rampage  .   (no ring)
Will    .....                   (no ring)
Stlth   +++.......              (no ring)
HPRegen 0.05/turn               (no ring)
MPRegen 0.07/turn               (no ring)
                                (no ring)
                                (no ring)

@: no status effects
A: almost no armour, amphibious, 8 rings, camouflage 1, gelatinous body 1,
(nimble swimmer 1), tentacles
a: Renounce Religion, Minor Destruction


You were on level 1 of the Dungeon.
You worshipped Makhleb.
Makhleb was pleased with you.
You visited 1 branch of the dungeon, and saw 1 of its levels.

You collected 55 gold pieces.

Inventory:

Hand Weapons
 a - a +0 falchion (weapon)
Scrolls
 b - 3 scrolls of fog {unknown}
 c - a scroll of acquirement {unknown}


   Skills:
 - Level 3.0 Fighting
 + Level 3.2 Long Blades
 - Level 3.0 Dodging
 - Level 2.6 Stealth


You couldn't memorise any spells.
You didn't know any spells.
Your spell library contained the following spells:

 Spells                   Type           Power      Damage    Failure   Level
 Malign Gateway           Summ/Tloc      0%         N/A       100%        7
 Summon Horrible Things   Summ           0%         N/A       100%        8


Dungeon Overview and Level Annotations

Branches:
Dungeon (1/15)

Altars:
Makhleb


Innate Abilities, Weirdness & Mutations

You cannot wear most types of armour.
You are amphibious.
You can wear up to eight rings at the same time.
Your skin changes colour to match your surroundings (Stealth+).
Your rubbery body absorbs attacks. (AC +1, EV +1)
((You are camouflaged when in or above water. (Stealth+)))
You have tentacles for arms and can constrict up to eight enemies at once.


Message History

The rat is heavily wounded.
You constrict the rat.
You kill the rat!
Makhleb accepts your kill.
You see here a rat corpse.
The helpless rat fails to defend itself.
You slash the rat!
You kill the rat!
Makhleb accepts your kill.
No target in view!
You see here a rat corpse.
You pick up a Grand Grimoire and begin reading...
You add the spells Malign Gateway and Summon Horrible Things to your library.
A gnoll comes into view. It is wielding a +0 flail.
The gnoll shouts!
An endoplasm comes into view.
There are monsters nearby!
Found a stone staircase leading down.
The endoplasm quivers.
The endoplasm barely misses you.
You hit the endoplasm.
The endoplasm is heavily wounded.
The endoplasm freezes you.
You are frozen.
You hit the endoplasm.
You kill the endoplasm!
Makhleb accepts your kill.
You feel better. The gnoll barely misses you.
You hit the gnoll but do no damage. You grab the gnoll.
You constrict the gnoll, but do no damage.
The gnoll closely misses you.
You hit the gnoll.
The gnoll is lightly wounded.
You constrict the gnoll, but do no damage.
The gnoll hits you with a +0 flail!
Ouch! That really hurt!
* * * LOW HITPOINT WARNING * * *
The gnoll hits you with a +0 flail!
Ouch! That really hurt!
You die...

## .. #. #. #. #.
#.#################
#.@................
#.g#######.........
.....# #.########
#.###.## #.........
#> #.######## #.
#.# .. #.# ## #.#
#.#


You could see a gnoll.

Vanquished Creatures
  An endoplasm (D:1)
  3 rats (D:1)
4 creatures vanquished.

Notes
Turn   | Place    | Note
-------+----------+-------------------------------------------
     0 | D:1      | 27heaven the Octopode Monk began the quest for the Orb.
     0 | D:1      | Reached XP level 1. HP: 16/16 MP: 1/1
    95 | D:1      | Found a faded altar of an unknown god.
   155 | D:1      | Prayed at the altar of an unknown god.
   155 | D:1      | Became a worshipper of Makhleb the Destroyer
   155 | D:1      | Reached * piety under Makhleb
   155 | D:1      | Reached ** piety under Makhleb
   249 | D:1      | Mangled by a gnoll

Illustrated notes

Levels and vault maps discovered:
D:1:      zelgadis_glass_arrival_small, layout_loops_ring,
          basic_ecumenical_altar, grunt_decor_junction, minivault_5

Action                   || total
-------------------------++-------
Melee: Falchion          ||     8
       Constrict         ||     2
 Stab: Sleeping          ||     3
Dodge: Dodged            ||     4

Table legend: (Time is in decaauts)
 A = Elapsed time spent in this place.
 B = Non-inter-level travel time spent in this place.
 C = Inter-level travel time spent in this place.
 D = Time resting spent in this place.
 E = Time spent auto-exploring this place.
 F = Levels seen in this place.
 G = Mean time per level.
                   A        B        C        D        E       F      G
               +--------+--------+--------+--------+--------+-----+--------+
         Total |    249 |    249 |      0 |      0 |    185 |   1 |  249.0 |
       Dungeon |    249 |    249 |      0 |      0 |    185 |   1 |  249.0 |
               +--------+--------+--------+--------+--------+-----+--------+

Top non-repeatable levels by time:
     D:1: 249 daAuts
